 Dungeon Crawl Stone Soup version 0.31.0-32-g396128a36d (webtiles) character file.

Game seed: 15390265976780180086

1328 PaiMei the Grave Robber (level 8, -1/61 HPs)
             Began as a Demonspawn Necromancer on Apr 18, 2024.
             Slain by a vampire mosquito (10 damage)
             ... on level 7 of the Dungeon.
             The game lasted 00:13:57 (8320 turns).

PaiMei the Grave Robber (Demonspawn Necromancer)    Turns: 8320, Time: 00:13:58

Health: -1/61      AC: 14    Str:  9    XL:     8   Next: 34%
Magic:  15/15      EV: 14    Int: 17    God:
Gold:   285        SH:  5    Dex: 14    Spells: 9/17 levels left

rFire   + . .        C - +5 club (spect)
rCold   + . .        (no shield)
rNeg    . . .        K - +2 robe {rC+ rF+}
rPois   .            r - +1 helmet
rElec   .            u - +1 cloak {rCorr}
rCorr   +            E - +0 pair of gloves
SInv    .            x - +2 pair of boots
Will    .....        t - amulet of reflection
Stlth   ++           n - ring of wizardry
HPRegen 0.30/turn    (no ring)
MPRegen 0.14/turn

%: reflection, wizardry (x1)
@: no status effects
A: yellow scales 1, powered by death 2, weakness stinger 1
a: no special abilities


You were on level 7 of the Dungeon.
You visited 1 branch of the dungeon, and saw 7 of its levels.

You collected 285 gold pieces.

Inventory:

Hand Weapons
 q - a +1 whip of draining
 w - a +4 hammer
 B - a +1 flail of protection
 C - a +5 spectral club (weapon)
Missiles
 s - 7 poisoned darts (quivered)
Armour
 r - a +1 helmet (worn)
 u - a +1 cloak of preservation (worn)
 x - a +2 pair of boots (worn)
 E - a +0 pair of gloves (worn)
 K - a +2 robe of resistance (worn)
Jewellery
 n - a ring of wizardry (left hand)
 t - an amulet of reflection (around neck)
Wands
 y - a wand of iceblast (8)
 D - a wand of mindburst (15)
 F - a wand of flame (25)
 J - a wand of polymorph (7)
Scrolls
 e - 2 scrolls of teleportation {unknown}
 f - 2 scrolls of silence {unknown}
 g - 7 scrolls of identify {unknown}
 h - 4 scrolls of enchant armour {unknown}
 k - 2 scrolls of revelation {unknown}
 l - 3 scrolls of poison {unknown}
 m - a scroll of fear {unknown}
 z - a scroll of blinking {unknown}
 G - a scroll of immolation {unknown}
 I - a scroll of enchant weapon {unknown}
Potions
 b - 2 potions of magic
 c - a potion of heal wounds {unknown}
 d - a potion of might {unknown}
 i - 2 potions of ambrosia {unknown}
 j - a potion of degeneration {unknown}
 o - a potion of enlightenment {unknown}
 p - 2 potions of mutation {unknown}
 A - a potion of invisibility {unknown}
 H - a potion of berserk rage {unknown}


   Skills:
 + Level 4.3 Fighting
 + Level 4.9 Dodging
 - Level 2.6 Stealth
 + Level 5.0 Spellcasting
 + Level 7.1 Necromancy


You had 9 spell levels left.
You knew the following spells:

 Your Spells              Type           Power      Damage    Failure   Level
a - Necrotise             Necr           100%       1d9       1%          1
b - Vampiric Draining     Necr           28%        2d8       1%          3
c - Animate Dead          Necr           28%        N/A       3%          4

Your spell library contained the following spells:

 Spells                   Type           Power      Damage    Failure   Level
 Summon Small Mammal      Summ           16%        N/A       6%          1
 Static Discharge         Conj/Air       8%         3-4/arc   9%          2
 Curse of Agony           Necr           28%        N/A       9%          5
 Call Canine Familiar     Summ           4%         N/A       16%         3
 Inner Flame              Hex/Fire       4%         N/A       16%         3
 Tukima's Dance           Hex            4%         N/A       16%         3
 Airstrike                Air            2%         2d(1-17)  45%         4
 Dimensional Bullseye     Hex/Tloc       2%         N/A       45%         4
 Iskenderun's Mystic Bla  Conj/Tloc      4%         2d3       45%         4
 Summon Blazeheart Golem  Fire/Summ      4%         N/A       45%         4
 Summon Lightning Spire   Summ/Air       4%         N/A       45%         4
 Irradiate                Conj/Alch      2%         3d12      80%         5
 Ignition                 Fire           2%         3d3       100%        8


Dungeon Overview and Level Annotations

Branches:
Dungeon (7/15)
 Temple: D:4-7

Altars:
Gozag
Hepliaklqana
Nemelex Xobeh
Okawaru

Annotations:
D:3 1 transporter, ZoaN's ghost, amateur GrEE


Innate Abilities, Weirdness & Mutations

You are partially covered in yellow scales. (AC +2)
You regenerate health from kills.
You have a small tail.


Message History

The vampire mosquito closely misses you.
You block the vampire mosquito's attack.
The vampire mosquito closely misses you. x2
The vampire mosquito barely misses you.
The vampire mosquito bites you but does no damage.
You barely miss the vampire mosquito.
Your +5 spectral club barely misses the vampire mosquito.
You block the vampire mosquito's attack.
The vampire mosquito completely misses you.
The vampire mosquito barely misses you. The vampire mosquito misses you.
The vampire mosquito bites you.
The vampire mosquito draws strength from your injuries!
The vampire mosquito barely misses you. The vampire mosquito misses you.
The vampire mosquito bites you but does no damage.
You thump the vampire mosquito!
The vampire mosquito is moderately damaged.
Your +5 spectral club barely misses the vampire mosquito.
You block the vampire mosquito's attack.
The vampire mosquito closely misses you.
The vampire mosquito bites you!
The vampire mosquito draws strength from your injuries!
The vampire mosquito misses you.
The vampire mosquito bites you but does no damage.
The vampire mosquito misses you.
The vampire mosquito closely misses you.
You hit the vampire mosquito.
Your tail-slap misses the vampire mosquito.
The vampire mosquito is heavily damaged.
Your +5 spectral club barely misses the vampire mosquito.
The vampire mosquito bites you but does no damage.
The vampire mosquito misses you. The vampire mosquito bites you!
* * * LOW HITPOINT WARNING * * *
The vampire mosquito draws strength from your injuries!
The vampire mosquito bites you.
* * * LOW HITPOINT WARNING * * *
The vampire mosquito draws strength from your injuries!
The vampire mosquito misses you.
The vampire mosquito closely misses you.
The vampire mosquito bites you!
You die...

#.................
#............[....####
#..............#.....
#..............#....
#..(..[.............
#..................
#.........(......#
#.........yy.....#
#.........@y.....##
#.................#..
#...................#
#..................##
#.................##
#..............#..#
#................##
...............#
.........######


You could see 3 vampire mosquitoes and a friendly +5 spectral club.

Vanquished Creatures
  A steam dragon (D:5)
  Edmund (D:6)
  An ogre (D:5)
  A centaur (D:6)
  2 phantoms
  A howler monkey (D:4)
  A bombardier beetle (D:5)
  3 hounds (D:5)
  4 iguanas
  A sleepcap (D:6)
  Jessica (D:2)
  Crazy Yiuf (D:3)
  Ijyb (D:5)
  Terence (D:3)
  2 orc wizards
  Robin (D:3)
  5 adders
  8 river rats (D:5)
  A shadow imp (D:5)
  2 white imps (D:5)
  2 ufetubi (D:5)
  6 dart slugs
  7 ribbon worms
  11 orcs
  7 ball pythons
  6 bats
  6 endoplasms
  4 giant cockroaches
  22 goblins
  5 hobgoblins
  7 jackals (D:1)
  7 quokkas
  6 frilled lizards
  6 kobolds
  15 rats
156 creatures vanquished.

Vanquished Creatures (collateral kills)
  A rat (D:3)
1 creature vanquished.

Vanquished Creatures (others)
  A quokka (D:5)
  A rat (D:5)
2 creatures vanquished.

Grand Total: 159 creatures vanquished

Notes
Turn   | Place    | Note
-------+----------+-------------------------------------------
     0 | D:1      | PaiMei the Demonspawn Necromancer began the quest for the
                  | Orb.
     0 | D:1      | Reached XP level 1. HP: 13/13 MP: 3/3
   190 | D:1      | Gained mutation: You regenerate a little health from kills.
                  | [demonic ancestry]
   190 | D:1      | Reached XP level 2. HP: 19/19 MP: 3/5
  1184 | D:1      | Gained mutation: You regenerate health from kills. [demonic
                  | ancestry]
  1184 | D:1      | Reached XP level 3. HP: 23/24 MP: 2/6
  1188 | D:1      | Learned a level 3 spell: Vampiric Draining
  2137 | D:2      | Noticed Jessica
  2140 | D:2      | Killed Jessica
  2141 | D:2      | Reached XP level 4. HP: 27/30 MP: 3/8
  2540 | D:2      | Learned a level 4 spell: Animate Dead
  2588 | D:3      | Found a transporter.
  2588 | D:3      | Noticed ZoaN's ghost (amateur GrEE)
  2599 | D:3      | Reached skill level 5 in Necromancy
  3040 | D:3      | Found a runed translucent door.
  3041 | D:3      | Noticed Crazy Yiuf
  3087 | D:3      | Noticed a necrophage
  3174 | D:3      | Found a faded altar of an unknown god.
  3277 | D:3      | Noticed Terence
  3285 | D:3      | Killed Terence
  3286 | D:3      | Reached skill level 1 in Fighting
  3286 | D:3      | Reached XP level 5. HP: 37/37 MP: 2/9
  3639 | D:3      | Noticed Robin
  3702 | D:3      | Killed Robin
  4341 | D:3      | Killed Crazy Yiuf
  4715 | D:4      | Found a hazy altar of Hepliaklqana.
  5148 | D:4      | Reached XP level 6. HP: 37/44 MP: 2/11
  5664 | D:5      | Entered Level 5 of the Dungeon
  5743 | D:5      | Noticed Ijyb
  5748 | D:5      | Killed Ijyb
  5976 | D:5      | Reached skill level 6 in Necromancy
  5976 | D:5      | Gained mutation: You are partially covered in yellow
                  | scales. (AC +2) [demonic ancestry]
  5976 | D:5      | Reached XP level 7. HP: 51/51 MP: 0/12
  6421 | D:5      | Found a sparkling altar of Nemelex Xobeh.
  6422 | D:5      | Found an iron altar of Okawaru.
  6424 | D:5      | Found an opulent altar of Gozag.
  6768 | D:5      | Noticed a steam dragon
  6780 | D:5      | Killed a steam dragon
  6901 | D:5      | Gained mutation: You have a small tail. [demonic ancestry]
  6901 | D:5      | Reached XP level 8. HP: 46/60 MP: 14/14
  7827 | D:6      | Noticed Edmund
  7834 | D:6      | Killed Edmund
  7835 | D:6      | Reached skill level 7 in Necromancy
  8275 | D:7      | Reached skill level 5 in Spellcasting
  8320 | D:7      | Slain by a vampire mosquito

Illustrated notes

Levels and vault maps discovered:
D:1:      arrival_zaba_pyramid, layout_basic
D:2:      layout_loops_cross, uniq_jessica
D:3:      minmay_octagon_keep, layout_loops_corners,
          hellmonk_ecumenical_altar_slurped_away, gammafunk_ghost_mausoleum,
          amcnicky_mini_rare_corridor_liquid, uniq_terence, uniq_robin,
          uniq_crazy_yiuf_cottage
D:4:      layout_gridville, minitemple, nicolae_wormholes
D:5:      lemuel_ratsnest, layout_cave_pools, nicolae_overflow_hidden_temple,
          serial_demonic, serial_demonic_g, serial_demonic_a, serial_demonic_e,
          serial_demonic_c, uniq_ijyb
D:6:      layout_loops_corners, uniq_edmund
D:7:      layout_layer_cave, mainiacjoe_overflow_alcove_2, old_standard_altar,
          minmay_temple_entry_mist, ebering_ghost_rock_garden,
          nicolae_alphabet_shops

Skill      XL: |  1  2  3  4  5  6  7  8 |
---------------+-------------------------+-----
Stealth        | 2 |  2.6
Dodging        | 2 3 4 |  4.9
Necromancy     | 5 6 7 |  7.1
Spellcasting   | 3 4 5 |  5.0
Fighting       | 1 2 3 4 |  4.3

Action                     |  1- 3 |  4- 6 |  7- 9 || total
---------------------------+-------+-------+-------++-------
  Melee: Unarmed           |    16 |       |       ||    16
         Dagger            |    14 |     5 |       ||    19
         Whip              |       |    57 |       ||    57
         Punch             |       |     2 |       ||     2
         Club              |       |    33 |    99 ||   132
   Cast: Necrotise         |    79 |   111 |    23 ||   213
         Vampiric Draining |       |    15 |    22 ||    37
   Stab: Distracted        |       |     1 |     1 ||     2
 Armour: Robe              |    28 |    95 |    86 ||   209
  Dodge: Dodged            |    37 |   112 |   108 ||   257
  Block: Other             |       |    23 |    26 ||    49
         Reflection        |       |     1 |       ||     1
